[Event "Late-Titled-Tuesday-Blitz-June-25-2024"]
[Site "Chess.com"]
[Date "2024.06.25"]
[Round "5"]
[White "lluiss"]
[Black "Flaccidmoves"]
[Result "0-1"]
[WhiteElo "2260"]
[BlackElo "2537"]
[TimeControl "180+1"]
[EndTime "14:53:47 PDT"]
[Termination "Flaccidmoves won by resignation"]

1. Nf3 d5 2. d4 Nf6 3. c4 dxc4 4. e3 b5 5. a4 b4 6. Bxc4 e6 7. O-O Be7 8. b3 O-O 9. Bb2 Bb7 10. Nbd2 Nbd7 11.
Qc2 c5 12. Rad1 cxd4 13. Bxd4 Qc7 14. Rc1 Nb6 15. Bd3 Qxc2 16. Rxc2 Rac8 17. Rfc1 Rxc2 18.
Rxc2 Rc8 19. Rxc8+ Nxc8 20. Kf1 Nd5 21. Nc4 f6 22. e4 Nf4 23. Bc2 e5 24. Be3 Ne6 25. Na5 Ba6+ 26. Ke1 Bc5 27. Kd2 Nd6 28. Nc6 Bb7 29. Na5 Bxe4 30. Bxe4 Nxe4+ 31. Kd3 Nxf2+ 32. Bxf2 Bxf2 33. Kc4 e4 34. Nd2 e3 35. Nf3 e2 36.
Nc6 Ng5 37. Kd3 Nxf3 38. Kxe2 Nd4+ 39. Kxf2 Nxc6 40. Ke3 Kf7 41. Kd3 Ke6 42. Kc4 Kd6 43. Kb5 f5 44. Kc4 g5 0-1

[Event "Late-Titled-Tuesday-Blitz-June-25-2024"]
[Site "Chess.com"]
[Date "2024.06.25"]
[Round "5"]
[White "romulocardoso"]
[Black "King_Deded4d5"]
[Result "1-0"]
[WhiteElo "2319"]
[BlackElo "2475"]
[TimeControl "180+1"]
[EndTime "14:53:47 PDT"]
[Termination "romulocardoso won by resignation"]

1. e4 c5 2. Nf3 e6 3. d4 cxd4 4. Nxd4 a6 5. Bd3 Bc5 6. Nb3 Ba7 7. O-O Ne7 8. Kh1 Nbc6 9. f4 O-O 10. f5 exf5 11.
exf5 f6 12. Nc3 d5 13. Qh5 Ne5 14. Bd2 Nxd3 15. cxd3 Qe8 16. Qf3 Qf7 17. g4 b5 18.
Rae1 Bb7 19. d4 Rae8 20. Re6 Nc8 21. Rfe1 Nb6 22. Nc5 Bc8 23. Nxd5 Nxd5 24. Qxd5 Bxe6 25. fxe6 Qe7 26. Nd7 Kh8 27. Nxf8 Rxf8 28. a3 Rd8 29. Qc6 Qe8 30. Qxe8+ Rxe8 31. d5 Kg8 32. d6 Bb6 33. d7 Re7 34. Bb4 Bd8 35. Bxe7 Bxe7 36. Rd1 Bd8 37. e7 Bxe7 38. d8=Q+ Bxd8 39. Rxd8+ 1-0

[Event "Late-Titled-Tuesday-Blitz-June-25-2024"]
[Site "Chess.com"]
[Date "2024.06.25"]
[Round "5"]
[White "Sanan_Sjugirov"]
[Black "Cosi43"]
[Result "1-0"]
[WhiteElo "3004"]
[BlackElo "2700"]
[TimeControl "180+1"]
[EndTime "14:53:49 PDT"]
[Termination "Sanan_Sjugirov won by resignation"]

1. e4 c5 2. Nf3 e6 3. d4 cxd4 4.
Nxd4 Nc6 5. Nc3 Qc7 6. Be3 a6 7. Qd2 Nf6 8. f3 Be7 9. O-O-O h5 10. Kb1 b5 11. Bd3 Ne5 12. f4 Nc4 13. Bxc4 Qxc4 14. e5 Nd5 15. Nxd5 Qxd5 16. Qf2 Bb7 17. Rhg1 Qe4 18. Nb3 Rc8 19. Bc5 Bd5 20. Bxe7 Bxb3 21. axb3 Kxe7 22. Rd4 Qf5 23. h3 Rc7 24. g4 hxg4 25.
hxg4 Qh7 26. Rd2 Rhc8 27. f5 exf5 28. gxf5 Kf8 29. f6 g6 30. Qg2 d5 31. Rh1 Qg8 32.
Qxd5 Ke8 33. Rhd1 1-0

[Event "Late-Titled-Tuesday-Blitz-June-25-2024"]
[Site "Chess.com"]
[Date "2024.06.25"]
[Round "5"]
[White "TigrVShlyape"]
[Black "jk13"]
[Result "1/2-1/2"]
[WhiteElo "2989"]
[BlackElo "2704"]
[TimeControl "180+1"]
[EndTime "14:53:50 PDT"]
[Termination "Game drawn by repetition"]

1. e4 e5 2. Nf3 Nc6 3. Bb5 a6 4. Ba4 Nf6 5. d3 b5 6. Bb3 Bc5 7. a4 Rb8 8. axb5 axb5 9. O-O O-O 10. Nc3 h6 11. Ne2 d5 12. exd5 Nxd5 13. Ng3 Re8 14. c3 Be6 15. Re1 Nf6 16. Bc2 Bb6 17. h3 Qd7 18. Nxe5 Nxe5 19. Rxe5 Bxh3 20. Rxe8+ Rxe8 21. gxh3 Bxf2+ 22. Kxf2 Qxh3 23. Qg1 Ng4+ 24. Kf3 Nh2+ 25. Kf2 Ng4+ 26. Kf3 Nh2+ 27. Kf2 Ng4+ 1/2-1/2

[Event "Late-Titled-Tuesday-Blitz-June-25-2024"]
[Site "Chess.com"]
[Date "2024.06.25"]
[Round "5"]
[White "Crasyhealer"]
[Black "nindjaxx8"]
[Result "0-1"]
[WhiteElo "2504"]
[BlackElo "2725"]
[TimeControl "180+1"]
[EndTime "14:53:51 PDT"]
[Termination "nindjaxx8 won by resignation"]

1. d4 d5 2. Nf3 Nf6 3. c4 e6 4. Nc3 Be7 5. Qc2 O-O 6. e4 dxe4 7. Nxe4 Nxe4 8. Qxe4 Nd7 9. a3 Nf6 10.
Qd3 b6 11. Be2 Bb7 12. O-O Qc8 13. Ne5 Rd8 14. Qc3 c5 15. dxc5 Bxc5 16. Qg3 Bd4 17. Bh6 g6 18. Qf4 Qc5 19. Nf3 Bxb2 20. Rab1 Nh5 21.
Qh4 Bf6 22. Ng5 Rd4 23. g4 Nf4 24. Rfe1 Bxg5 25. Bxg5 Qxg5 26. Qg3 Nxe2+ 27. Rxe2 Rad8 28. Rbe1 Rxg4 0-1

[Event "Late-Titled-Tuesday-Blitz-June-25-2024"]
[Site "Chess.com"]
[Date "2024.06.25"]
[Round "5"]
[White "rockstar0902"]
[Black "mostafa_sakha"]
[Result "1-0"]
[WhiteElo "2615"]
[BlackElo "2442"]
[TimeControl "180+1"]
[EndTime "14:53:51 PDT"]
[Termination "rockstar0902 won by resignation"]

1. c4 b6 2. Nc3 Bb7 3. e4 e6 4.
d4 Bb4 5. f3 f5 6. exf5 Nh6 7.
fxe6 Nf5 8. Bf4 O-O 9. Ne2 dxe6 10. a3 Be7 11. Qd3 Nxd4 12. Nxd4 Rxf4 13. Nxe6 Bh4+ 14. Kd2 Qxd3+ 15. Bxd3 Rf7 16. Rad1 Nc6 17. Be4 Na5 18.
Bxb7 Nxb7 19. Kc2 Nd6 20. b3 Re8 21. Nxc7 Rxc7 22. Rxd6 Rce7 23. Rhd1 Re3 24. R6d3 R3e7 25. Nd5 Re2+ 26. R1d2 Bg5 27. f4 Bf6 28. Rxe2 Rxe2+ 29. Rd2 Re4 30. Nxf6+ gxf6 31. g3 Re7 32. b4 Kf7 33. c5 bxc5 34. bxc5 Rc7 35. Rd5 Ke6 36. Rh5 f5 37.
Rh6+ Kd5 38. c6 Ke4 39. Rd6 a5 40. Kc3 Kf3 41. Kc4 Kg2 42. Rd2+ Kf3 43. Kc5 1-0

[Event "Late-Titled-Tuesday-Blitz-June-25-2024"]
[Site "Chess.com"]
[Date "2024.06.25"]
[Round "5"]
[White "IngOscarArdila"]
[Black "andrew-blr"]
[Result "0-1"]
[WhiteElo "2374"]
[BlackElo "2603"]
[TimeControl "180+1"]
[EndTime "14:53:52 PDT"]
[Termination "andrew-blr won by resignation"]

1. d4 Nf6 2. c4 g6 3. Nc3 Bg7 4. Nf3 O-O 5. e3 d6 6. Be2 Nc6 7. O-O e5 8. dxe5 Nxe5 9. Nxe5 dxe5 10. Qb3 c6 11. Rd1 Qe7 12. e4 Be6 13. Be3 Nh5 14.
Bxh5 gxh5 15. Ne2 b5 16. Qc3 Bxc4 17. Ng3 Be6 18. Bc5 Qg5 19. Bxf8 Rxf8 20. Qxc6 h4 21. Nf5 h3 22. Ng3 h5 23. Qxb5 h4 24. Rac1 hxg3 25. hxg3 Qh5 26. gxh3 Bxh3 27. Rd3 Bg4 28. f3 Bxf3 29. Rxf3 Qxf3 30. Qb3 Qxe4 31. Qc2 Qe3+ 32. Kg2 Rd8 33. Rd1 Rxd1 34. Qxd1 Qe4+ 35. Kg1 Qd4+ 36. Qxd4 exd4 0-1

[Event "Late-Titled-Tuesday-Blitz-June-25-2024"]
[Site "Chess.com"]
[Date "2024.06.25"]
[Round "5"]
[White "shirovin"]
[Black "kubal123"]
[Result "0-1"]
[WhiteElo "2105"]
[BlackElo "2295"]
[TimeControl "180+1"]
[EndTime "14:53:54 PDT"]
[Termination "kubal123 won on time"]

1. e4 c5 2. Nf3 Nc6 3. d4 cxd4 4. Nxd4 Nf6 5. Nc3 e5 6. Ndb5 d6 7. Nd5 Nxd5 8. exd5 Nb8 9. c4 Be7 10. Bd3 O-O 11.
O-O Nd7 12. Be3 a6 13. Qa4 f5 14. f3 e4 15. fxe4 Ne5 16. Bc2 Bd7 17. exf5 axb5 18. Qb4 Nxc4 19. Bd4 Bf6 20. Qc3 Bxd4+ 21. Qxd4 Qb6 22.
Qxb6 Nxb6 23. Bd3 Nxd5 24. Be4 Bc6 25. Rfd1 Ne3 26. Bxc6 Nxd1 27. Bd5+ Kh8 28. Rxd1 Rxf5 29. Bxb7 Rxa2 30. Be4 Rf6 31. b4 g6 32. h3 Kg7 33.
Rd5 Re2 34. Bf3 Re5 35. Rd3 Rfe6 36. Bd5 Re3 37. Rd2 R6e5 38. Bc6 Re1+ 39. Kh2 Rb1 40. Rd4 h5 0-1

[Event "Late-Titled-Tuesday-Blitz-June-25-2024"]
[Site "Chess.com"]
[Date "2024.06.25"]
[Round "5"]
[White "scrambleyourbrain"]
[Black "Juliana_Figueira"]
[Result "0-1"]
[WhiteElo "2371"]
[BlackElo "2002"]
[TimeControl "180+1"]
[EndTime "14:53:55 PDT"]
[Termination "Juliana_Figueira won by resignation"]

1. e4 c5 2. Nf3 d6 3. d4 cxd4 4. Nxd4 Nf6 5. Nc3 a6 6. Be3 e5 7. Nb3 Be7 8. f3 Be6 9. Qd2 O-O 10. O-O-O Nbd7 11. g4 b5 12. g5 Nh5 13. h4 b4 14.
Nd5 Bxd5 15. Qxd5 a5 16. Kb1 a4 17. Nc1 Nb6 18. Bxb6 Qxb6 19. Bc4 Nf4 20. Qd2 Rac8 21. b3 Rfd8 22. Nd3 d5 23. exd5 Nxd5 24. Bxd5 Rxd5 25. Qe2 f6 26. gxf6 Bxf6 27. Qe4 Rd4 28. Qf5 Qc6 29. Rh2 a3 30. c4 bxc3 31. Rc1 Rcd8 32.
Nxe5 Bxe5 33. Qxe5 Qxf3 34. Rhc2 Rd2 35. Qe6+ Kh8 36.
Re1 Rd1+ 37. Rc1 Rxc1+ 38. Rxc1 Qd3+ 39. Ka1 Qd2 40. Rb1 c2 0-1

[Event "Late-Titled-Tuesday-Blitz-June-25-2024"]
[Site "Chess.com"]
[Date "2024.06.25"]
[Round "5"]
[White "komogro"]
[Black "NailBashirli"]
[Result "0-1"]
[WhiteElo "2519"]
[BlackElo "2758"]
[TimeControl "180+1"]
[EndTime "14:53:56 PDT"]
[Termination "NailBashirli won on time"]

1. Nf3 c5 2. g3 Nc6 3. Bg2 g6 4. O-O Bg7 5. c3 d5 6. d3 e6 7. Nbd2 Nge7 8. a4 O-O 9. e4 b6 10. exd5 exd5 11. Re1 Bb7 12. Nb3 Qd7 13. a5 Rad8 14.
Bf4 h6 15. h4 d4 16. a6 Ba8 17. c4 Rfe8 18. Nbd2 Nf5 19. Qa4 Rxe1+ 20. Rxe1 Re8 21. Rxe8+ Qxe8 22. Ne4 Qe6 23. Bh3 Nb4 24. Nxd4 Bxd4 25. Qd1 Nxd3 26. Qxd3 Bc6 27. Nd2 Qe1+ 28. Qf1 Bxf2+ 29.
Kh2 Bxg3+ 30. Kg1 Qxf1+ 31. Kxf1 Bxf4 32. Ke2 Nd4+ 33. Kd3 Bxd2 34. Kxd2 g5 0-1

[Event "Late-Titled-Tuesday-Blitz-June-25-2024"]
[Site "Chess.com"]
[Date "2024.06.25"]
[Round "5"]
[White "LikeWater"]
[Black "jlf287"]
[Result "1-0"]
[WhiteElo "2697"]
[BlackElo "2484"]
[TimeControl "180+1"]
[EndTime "14:53:56 PDT"]
[Termination "LikeWater won by resignation"]

1. e4 e5 2. Nf3 Nc6 3. Nc3 Nf6 4. d4 exd4 5. Nxd4 Bb4 6. Nxc6 bxc6 7. Bd3 d5 8. exd5 O-O 9. O-O Bg4 10. Ne2 cxd5 11. c4 dxc4 12. Bxc4 Qxd1 13. Rxd1 Rfe8 14. Be3 a5 15. h3 Bh5 16. Rdc1 Bd6 17. Nf4 Bg6 18. Nxg6 hxg6 19. Rc2 Rab8 20. Rac1 a4 21. Bd4 Be5 22. Bxe5 Rxe5 23. Rd1 Kf8 24. Rd4 Re4 25. Rxe4 Nxe4 26. Bd5 Nf6 27. Bf3 c5 28. a3 Nd7 29. Bc6 Nb6 30.
Rxc5 Rc8 31. Rc3 Ke7 32. Re3+ Kd6 33. Be8 Rc7 34. Rf3 Ke6 35. g4 g5 36. Rf5 f6 37.
Rb5 Nc4 38. Rb4 Ne5 39. Bxa4 Nf3+ 40. Kg2 Nh4+ 41. Kf1 Rc1+ 42. Ke2 Rh1 43. Bc6 Rxh3 44. a4 Ng6 45. a5 Nf4+ 46. Kd2 Rh8 47. a6 Kd6 48. a7 Kxc6 49. Rb8 Rh2 50. a8=Q+ 1-0

[Event "Late-Titled-Tuesday-Blitz-June-25-2024"]
[Site "Chess.com"]
[Date "2024.06.25"]
[Round "5"]
[White "maximnovik"]
[Black "canary2016"]
[Result "1-0"]
[WhiteElo "2505"]
[BlackElo "2243"]
[TimeControl "180+1"]
[EndTime "14:53:58 PDT"]
[Termination "maximnovik won on time"]

1. e4 c5 2. Nf3 d6 3. c3 Nf6 4. h3 Nc6 5. Bd3 e6 6. O-O Be7 7. Bc2 O-O 8. d4 cxd4 9. cxd4 Bd7 10. Nc3 Rc8 11. Re1 a6 12. e5 dxe5 13. dxe5 Ne8 14. Qd3 g6 15. a3 Ng7 16. Bh6 Re8 17. Rad1 Rc7 18. g4 Qc8 19. Ne4 Rd8 20. Bb1 Be8 21. Qe3 Na5 22. Nf6+ Kh8 23. Ng5 Rxd1 24. Rxd1 Nc4 25.
Qf4 Nxb2 26. Re1 Bxa3 27. Nxe8 Qxe8 28. Ne4 Be7 29. Nd6 Bxd6 30. exd6 Rc4 31. Qf6 Qg8 32. d7 1-0

[Event "Late-Titled-Tuesday-Blitz-June-25-2024"]
[Site "Chess.com"]
[Date "2024.06.25"]
[Round "5"]
[White "petr577"]
[Black "Pedrada88"]
[Result "1-0"]
[WhiteElo "2368"]
[BlackElo "2556"]
[TimeControl "180+1"]
[EndTime "14:53:59 PDT"]
[Termination "petr577 won by checkmate"]

1. d4 b6 2. e4 Bb7 3. Bd3 e6 4.
Nf3 d5 5. e5 c5 6. c3 Qd7 7.
Nbd2 Ba6 8. c4 cxd4 9. O-O Bb4 10. Qb3 Bxd2 11. Bxd2 dxc4 12. Bxc4 Bxc4 13. Qxc4 Ne7 14. Bb4 Nd5 15. Bd6 Nc6 16. Rac1 Rc8 17. Nxd4 Nde7 18. Nxc6 Qxc6 19. Qf4 Qb7 20. Qg5 Nf5 21. Rxc8+ Qxc8 22. Rc1 Qa6 23. Ba3 h6 24. Qd2 f6 25.
Rc7 Qb5 26. g4 Qxe5 27. Qd7# 1-0

[Event "Late-Titled-Tuesday-Blitz-June-25-2024"]
[Site "Chess.com"]
[Date "2024.06.25"]
[Round "5"]
[White "AlphaPerseii"]
[Black "Gyulamiryan-koryun"]
[Result "1-0"]
[WhiteElo "2384"]
[BlackElo "1813"]
[TimeControl "180+1"]
[EndTime "14:53:59 PDT"]
[Termination "AlphaPerseii won on time"]

1. d4 Nf6 2. c4 c5 3. Nf3 g6 4.
Nc3 cxd4 5. Nxd4 Bg7 6. e4 d6 7. Be2 O-O 8. Be3 Nc6 9. Nc2 Be6 10. O-O Rc8 11. b3 Qa5 12. Bd2 Qe5 13. Bd3 Nb4 14.
Nxb4 Bg4 15. Qc1 Qc5 16. Nbd5 Nd7 17. Nxe7+ Kh8 18. Nxc8 Rxc8 19. Nd5 Ne5 20. Qc2 Nxd3 21. Qxd3 Bxa1 22. Rxa1 f5 23. Qc3+ Kg8 24. Qf6 Re8 25. Bc3 1-0

[Event "Late-Titled-Tuesday-Blitz-June-25-2024"]
[Site "Chess.com"]
[Date "2024.06.25"]
[Round "5"]
[White "dolynachess"]
[Black "Patolindo"]
[Result "1-0"]
[WhiteElo "2527"]
[BlackElo "2164"]
[TimeControl "180+1"]
[EndTime "14:54:00 PDT"]
[Termination "dolynachess won on time"]

1. d4 Nf6 2. c4 g6 3. Nc3 d5 4. cxd5 Nxd5 5. e4 Nxc3 6. bxc3 Bg7 7. Bc4 c5 8. Ne2 Qc7 9. Bb3 O-O 10. h4 Rd8 11. h5 Bg4 12. hxg6 hxg6 13. f3 Bd7 14.
Be3 Bb5 15. Bxf7+ Kxf7 16. Qb3+ Kf8 17. Qxb5 cxd4 18. cxd4 Nc6 19. Rd1 e5 20. d5 Nd4 21.
Qb4+ Kg8 22. Nxd4 exd4 23. Bxd4 a5 24. Qb2 Qg3+ 25. Kf1 Rf8 26. Rh3 Qc7 27. Bxg7 Qxg7 28. Qxg7+ Kxg7 29. Rb1 Rf7 30. Ke2 Rc8 31. Kd3 Kf6 32.
f4 Rc5 33. Rb6+ Kg7 34. Rg3 Rc1 35. Rgxg6+ Kf8 36. Rgf6 Rd1+ 37. Ke3 1-0

[Event "Late-Titled-Tuesday-Blitz-June-25-2024"]
[Site "Chess.com"]
[Date "2024.06.25"]
[Round "5"]
[White "SimplyDevina"]
[Black "VaglioSagan"]
[Result "0-1"]
[WhiteElo "2331"]
[BlackElo "2553"]
[TimeControl "180+1"]
[EndTime "14:54:01 PDT"]
[Termination "VaglioSagan won by resignation"]

1. d4 d5 2. c4 c6 3. Nc3 Nf6 4.
cxd5 cxd5 5. Bf4 Nc6 6. e3 a6 7.
Bd3 Bg4 8. Nge2 e6 9. h3 Bh5 10. O-O Be7 11. Rc1 O-O 12. Qd2 Rc8 13. Bh2 Bg6 14. Nf4 b5 15. Bxg6 hxg6 16. Nd3 Qb6 17. a3 Na5 18. Be5 Nb3 19. Qe2 Nxc1 20. Rxc1 Ne4 21.
Qg4 Nxc3 22. bxc3 Bxa3 23. Rb1 Rxc3 24. Nf4 Bd6 25. Nxe6 Bxe5 26. Nxf8 Bd6 27. Nd7 Qc7 28. Ne5 Bxe5 29. dxe5 Qxe5 30. Ra1 Rc4 0-1

[Event "Late-Titled-Tuesday-Blitz-June-25-2024"]
[Site "Chess.com"]
[Date "2024.06.25"]
[Round "5"]
[White "DryCounty"]
[Black "gabduschew"]
[Result "0-1"]
[WhiteElo "2629"]
[BlackElo "2408"]
[TimeControl "180+1"]
[EndTime "14:54:01 PDT"]
[Termination "gabduschew won on time"]

1. e4 e5 2. Nf3 d5 3. exd5 e4 4. Qe2 Nf6 5. Nc3 Be7 6. Nxe4 Nxd5 7. d4 O-O 8. Bd2 Re8 9. O-O-O f5 10. Nc3 Nxc3 11.
Bxc3 Bg5+ 12. Nxg5 Rxe2 13. h4 Re7 14. Bc4+ Kh8 15.
Rhe1 h6 16. Rxe7 Qxe7 17. Nf7+ Kh7 18. Re1 Qxh4 19. Re8 Nd7 20. b3 Qxf2 21. Kb2 Qxg2 22. Be6 Nb6 23. Rh8+ Kg6 24. Ne5+ Kg5 25. Rg8 Kf6 26.
Bf7 f4 27. Rf8 Be6 28. Rxa8 Nxa8 29. Be8 f3 30. d5 f2 31. Bb5 Qxd5 32. Ng4+ Kg5 33.
Nxf2 Qxb5 0-1

[Event "Late-Titled-Tuesday-Blitz-June-25-2024"]
[Site "Chess.com"]
[Date "2024.06.25"]
[Round "5"]
[White "Shahdad2007"]
[Black "egnfanclub"]
[Result "1-0"]
[WhiteElo "2582"]
[BlackElo "2361"]
[TimeControl "180+1"]
[EndTime "14:54:02 PDT"]
[Termination "Shahdad2007 won by resignation"]

1. e4 e5 2. Nf3 Nc6 3. Bc4 Nf6 4.
d3 Bc5 5. c3 d6 6. O-O a5 7. a4 O-O 8. Nbd2 h6 9. Re1 Ng4 10.
Re2 Kh8 11. Nf1 f5 12. exf5 Bxf5 13. Ng3 Bg6 14. h3 Nf6 15. Be3 Bxe3 16. Rxe3 d5 17. Bb5 e4 18. dxe4 Nxe4 19. Bxc6 bxc6 20. Ne5 Qf6 21.
Nxg6+ Qxg6 22. Nxe4 dxe4 23. Qd4 Rae8 24. Rae1 Rf4 25. Rg3 Qf7 26. Re2 Re7 27. b4 e3 28.
Qd3 exf2+ 29. Kf1 Rxe2 30. Qxe2 axb4 31. cxb4 Rxb4 32. Rf3 Rf4 33. Kxf2 Rxf3+ 34. gxf3 Qf4 35. Qe8+ Kh7 36. Qe4+ Qxe4 37. fxe4 c5 38. a5 c4 39. Ke2 1-0

[Event "Late-Titled-Tuesday-Blitz-June-25-2024"]
[Site "Chess.com"]
[Date "2024.06.25"]
[Round "5"]
[White "Navyblue1"]
[Black "jcmesafischer"]
[Result "0-1"]
[WhiteElo "2161"]
[BlackElo "2364"]
[TimeControl "180+1"]
[EndTime "14:54:02 PDT"]
[Termination "jcmesafischer won by resignation"]

1. d4 Nf6 2. c4 e6 3. Nf3 d5 4. Nc3 Be7 5. Bg5 Nbd7 6. e3 c6 7. Qc2 O-O 8. Rd1 Re8 9. Be2 dxc4 10. Bxc4 b5 11. Be2 a6 12. O-O Qb6 13. e4 Bb7 14. e5 Nd5 15. Nxd5 cxd5 16. Bxe7 Rxe7 17. Ng5 Nf8 18. f3 Rc8 19. Qd2 Rec7 20. Qd3 Rc2 21. Rb1 Ng6 22. Nh3 Nxe5 23. Qe3 Nc6 24. Bd3 Nxd4 25.
Bxc2 Rxc2 26. Kh1 Re2 27. Qg1 e5 28. Rfe1 Rxe1 29. Rxe1 f6 30. f4 Qd6 31. fxe5 fxe5 32. Rd1 Ne6 33. Nf2 d4 34. h3 Nf4 35. Kh2 Nxg2 36.
Rd2 Ne3 37. Qg3 Nf1+ 0-1

[Event "Late-Titled-Tuesday-Blitz-June-25-2024"]
[Site "Chess.com"]
[Date "2024.06.25"]
[Round "5"]
[White "fin"]
[Black "Beaterawn"]
[Result "1-0"]
[WhiteElo "2720"]
[BlackElo "2403"]
[TimeControl "180+1"]
[EndTime "14:54:03 PDT"]
[Termination "fin won by resignation"]

1. e4 c5 2. Nf3 e6 3. d4 cxd4 4. Nxd4 a6 5. Bd3 Nf6 6. Nc3 Qc7 7. O-O Bc5 8. Nb3 Be7 9. Qe2 d6 10. Bf4 Nbd7 11. h3 b5 12. Rad1 O-O 13. Rfe1 Bb7 14.
Nb1 Ne5 15. N1d2 Rac8 16. Nf3 Nxf3+ 17. Qxf3 e5 18. Bd2 Bc6 19. Qg3 Kh8 20. f4 a5 21.
fxe5 dxe5 22. Bxa5 Qa7+ 23. Kh1 b4 24. Qxe5 Rfe8 25.
Qd4 Qa8 26. Bb6 Nd7 27. Ba5 Qb8 28. Qf2 Ne5 29. Bb6 Nxd3 30. cxd3 f6 31. Be3 Qe5 32.
Bf4 Qh5 33. d4 Bd7 34. d5 Bxh3 35. gxh3 Qxh3+ 36. Bh2 Bd6 37. Re3 Qh5 38. Rg1 Re5 39.
Reg3 Rxe4 40. Rxg7 Bxh2 41. Rg8+ 1-0

[Event "Late-Titled-Tuesday-Blitz-June-25-2024"]
[Site "Chess.com"]
[Date "2024.06.25"]
[Round "5"]
[White "XDPS"]
[Black "HaryKane"]
[Result "1-0"]
[WhiteElo "2829"]
[BlackElo "2615"]
[TimeControl "180+1"]
[EndTime "14:54:04 PDT"]
[Termination "XDPS won by checkmate"]

1. d4 e6 2. Nf3 f5 3. g3 Nf6 4.
Bg2 d5 5. O-O c6 6. c4 Bd6 7. b3 Qe7 8. a4 a5 9. Ba3 Bxa3 10.
Nxa3 O-O 11. Qc2 Na6 12. Qb2 Nb4 13. Nc2 b6 14. Nxb4 Qxb4 15. Ne5 Bb7 16. Rfc1 Qd6 17. c5 bxc5 18. Rxc5 Nd7 19. Nxd7 Qxd7 20. Qc3 Qc7 21. b4 axb4 22. Qxb4 Ba6 23. e3 Rfb8 24. Qc3 Bc4 25. Bf1 Bxf1 26. Kxf1 Ra6 27. a5 Qb7 28. Rc1 Kf7 29. Kg2 Qb3 30. Qe1 Qb4 31. Qe2 Rba8 32. Qh5+ Kg8 33. Rxc6 Rxc6 34. Rxc6 Qxa5 35. Rxe6 Rf8 36.
Re8 Qb4 37. Rxf8+ Qxf8 38. Qd1 Qe7 39. Qb1 Qe6 40. h4 g6 41. Qb8+ Kg7 42. Qc7+ Kg8 43.
Qd8+ Kf7 44. Qh8 Qe4+ 45. Kh2 h5 46. Qh7+ Kf6 47. Qg8 Qf3 48. Qf8+ Ke6 49. Kg1 Qg4 50.
Qc5 Qe4 51. Qf8 Qb1+ 52. Kh2 Qf1 53. Qe8+ Kf6 54. Qe5+ Kf7 55. Qxd5+ Kg7 56. Qg2 Qd3 57. Qb7+ Kh6 58. Qf3 Qd2 59. Kg2 Qd3 60. Qa8 Qd2 61. Qh8# 1-0

[Event "Late-Titled-Tuesday-Blitz-June-25-2024"]
[Site "Chess.com"]
[Date "2024.06.25"]
[Round "5"]
[White "Oleg_Papayan"]
[Black "tolimachess"]
[Result "1-0"]
[WhiteElo "2495"]
[BlackElo "2314"]
[TimeControl "180+1"]
[EndTime "14:54:04 PDT"]
[Termination "Oleg_Papayan won by checkmate"]

1. d4 d5 2. Nc3 Nf6 3. Bf4 c6 4.
e3 Bf5 5. Nf3 Nbd7 6. Ne5 e6 7. g4 Bg6 8. h4 h5 9. Nxg6 fxg6 10.
Bd3 Kf7 11. g5 Ne8 12. Qf3 Qc8 13. Bg3+ Kg8 14. Bxg6 Ndf6 15. gxf6 Nxf6 16. Be5 Rh6 17. Bd3 Be7 18. Ne2 Qd7 19. Nf4 Rf8 20. Qh3 Ng4 21. Rg1 Nxe5 22. dxe5 d4 23. O-O-O Bc5 24. Rg6 Rxg6 25.
Bxg6 Bb6 26. Qf3 Rf5 27. Bxf5 exf5 28. Qxh5 Qe7 29. exd4 Bd8 30. Qxf5 Qxh4 31. Ne6 Qh6+ 32. f4 Be7 33. Ng5 Bxg5 34. fxg5 Qh5 35. Rf1 Qe8 36.
g6 Qf8 37. Qxf8# 1-0

[Event "Late-Titled-Tuesday-Blitz-June-25-2024"]
[Site "Chess.com"]
[Date "2024.06.25"]
[Round "5"]
[White "sergeikim"]
[Black "jaramsdal"]
[Result "1-0"]
[WhiteElo "2605"]
[BlackElo "2433"]
[TimeControl "180+1"]
[EndTime "14:54:05 PDT"]
[Termination "sergeikim won on time"]

1. d4 Nf6 2. c4 g6 3. Nc3 d5 4. cxd5 Nxd5 5. e4 Nxc3 6. bxc3 c5 7. Bc4 Bg7 8. Ne2 Nc6 9. Be3 O-O 10. O-O Bg4 11. f3 Na5 12. Bd3 cxd4 13. cxd4 Be6 14.
Qd2 Nc4 15. Bxc4 Bxc4 16. Rfd1 b5 17. Ng3 Re8 18. Bh6 Bh8 19. e5 Qd5 20. Qf4 Bxa2 21. Nf5 Bb3 22. Rd3 Bc4 23. Rdd1 f6 24. Ne3 fxe5 25. Qg5 Qe6 26. d5 Qf6 27. Qg3 e4 28. fxe4 Qb6 29. Rab1 Qd6 30. Bf4 Qc5 31. Kh1 Rac8 32.
Ng4 h5 33. Ne5 Bxe5 34. Bxe5 Kh7 35. Qg5 Qf2 36. Bf4 Qb6 37. d6 Bf7 38. Qh6+ Kg8 39. Be5 1-0

[Event "Late-Titled-Tuesday-Blitz-June-25-2024"]
[Site "Chess.com"]
[Date "2024.06.25"]
[Round "5"]
[White "cthulhuuu"]
[Black "ValeriyGrinev"]
[Result "0-1"]
[WhiteElo "2380"]
[BlackElo "2591"]
[TimeControl "180+1"]
[EndTime "14:54:06 PDT"]
[Termination "ValeriyGrinev won by checkmate"]

1. e4 c6 2. d3 d5 3. Nd2 e5 4. Ngf3 Bd6 5. d4 exd4 6. exd5 Nf6 7. dxc6 Nxc6 8. Nb3 O-O 9. Be2 Re8 10. O-O Bc7 11.
Nbxd4 Nxd4 12. Nxd4 Qd6 13. g3 Bh3 14. Bf4 Qb6 15.
Bxc7 Qxc7 16. Re1 Rad8 17. c3 Qd6 18. Bb5 Rxe1+ 19. Qxe1 Qd5 20. Bf1 Re8 21. Bxh3 Rxe1+ 22. Rxe1 g6 23. Re7 Qxa2 24. Rxb7 Qb1+ 25. Bf1 Ne4 26.
Kg2 Nxc3 27. Rd7 Qxb2 28. Bc4 Nd1 29. Bxf7+ Kh8 30. Ne6 Qxf2+ 31. Kh3 Qf1+ 32. Kh4 Qf6+ 33.
Kh3 Qf5+ 34. Kg2 Ne3+ 35. Kg1 Qf1# 0-1

[Event "Late-Titled-Tuesday-Blitz-June-25-2024"]
[Site "Chess.com"]
[Date "2024.06.25"]
[Round "5"]
[White "Sondremelaa"]
[Black "norwaytoadog"]
[Result "1-0"]
[WhiteElo "2585"]
[BlackElo "2373"]
[TimeControl "180+1"]
[EndTime "14:54:07 PDT"]
[Termination "Sondremelaa won on time"]

1. e4 c5 2. Nf3 Nc6 3. d4 cxd4 4. Nxd4 e5 5. Nb5 d6 6. N1c3 a6 7. Na3 Be7 8. Nc4 b5 9. Ne3 Nf6 10. Ned5 Be6 11. Be2 O-O 12. O-O b4 13. Nxf6+ Bxf6 14. Nd5 Bg5 15. Bc4 Rc8 16. Bxa6 Ra8 17. Bxg5 Qxg5 18. Bb7 Nd4 19. Bxa8 Bh3 20. Ne3 Rxa8 21.
Kh1 Be6 22. c3 Nb5 23. cxb4 h5 24. a4 Nd4 25. b5 h4 26. h3 Qf4 27. Nf5 Qxe4 28.
Nxd4 exd4 29. Re1 Qf4 30. Qf3 Qxf3 31. gxf3 Bd5 32. b6 Bxf3+ 33. Kg1 Ra5 34. Re8+ Kh7 35. b4 Rg5+ 36. Kf1 d3 37. Ra2 Rg2 38. Ke1 Rg1+ 39.
Kd2 Rd1+ 40. Kc3 Rc1+ 41. Kxd3 Rd1+ 42. Ke3 Re1+ 43. Kxf3 Rxe8 44. a5 1-0

[Event "Late-Titled-Tuesday-Blitz-June-25-2024"]
[Site "Chess.com"]
[Date "2024.06.25"]
[Round "5"]
[White "KebabJangles"]
[Black "LoonsDeKoeben"]
[Result "1-0"]
[WhiteElo "2237"]
[BlackElo "2415"]
[TimeControl "180+1"]
[EndTime "14:54:07 PDT"]
[Termination "KebabJangles won by resignation"]

1. d4 d5 2. c4 e6 3. Nf3 Nf6 4. g3 Bb4+ 5. Nbd2 O-O 6. Bg2 a5 7. O-O a4 8. Qc2 a3 9. b3 Nbd7 10. e4 dxe4 11. Nxe4 Nxe4 12. Qxe4 Nf6 13. Qc2 h6 14.
Bf4 Bd7 15. Ne5 c6 16. Rad1 Qe7 17. h3 Bd6 18. Rfe1 Nh5 19. Be3 Bxe5 20. dxe5 g5 21. g4 Ng7 22. Bd4 Rfd8 23. Bb6 Rdc8 24. Rd2 Ra6 25.
Bd4 c5 26. Bxb7 cxd4 27. Bxa6 Ra8 28. Bb5 Rc8 29. Bxd7 Qxd7 30. Red1 Qc7 31. Qe4 h5 32. Rxd4 hxg4 33. hxg4 Qc5 34. Rd8+ Ne8 35. Rxc8 Qxc8 36. Qe3 Qc7 37. Qxg5+ Ng7 38. Rd8+ Kh7 39. Qh4+ Kg6 40. Qf6+ Kh7 41. Rf8 Qd7 42. Qf3 Qd3 43.
Qxd3+ 1-0

[Event "Late-Titled-Tuesday-Blitz-June-25-2024"]
[Site "Chess.com"]
[Date "2024.06.25"]
[Round "5"]
[White "MarkusRagger"]
[Black "tptagain"]
[Result "0-1"]
[WhiteElo "2795"]
[BlackElo "3021"]
[TimeControl "180+1"]
[EndTime "14:54:09 PDT"]
[Termination "tptagain won by resignation"]

1. d4 d5 2. c4 e6 3. Nf3 c6 4. g3 dxc4 5. Bg2 b5 6. O-O Bb7 7. a4 Nd7 8. e4 Ngf6 9. Nc3 b4 10. Ne2 Be7 11. Qc2 O-O 12. Rd1 c5 13. e5 Nd5 14.
Qxc4 Rc8 15. Qd3 c4 16. Qb1 Qa5 17. h4 h6 18. Nf4 Nxf4 19. Bxf4 Bd5 20. Qc1 c3 21. bxc3 Rxc3 22. Qd2 Bxf3 23. Bxf3 Rxf3 24. Be3 Nb6 25. Qe2 Qd5 26. Rac1 b3 27. Rc7 Ba3 28. Rb1 b2 29. Qd3 Rxe3 30. fxe3 Qf3 31. Qxa3 Qxg3+ 32. Kh1 Qxh4+ 33. Kg1 Qg4+ 34. Kh1 Qe4+ 35. Kh2 Qxb1 36.
a5 Nd5 37. Rb7 Qc2+ 38. Kg3 b1=Q 0-1